SL
CHICAGO GOLD SOX @ PHILADELPHIA 1776 BC
09/01/2032
 
TOP OF THE 1ST
Chicago Gold Sox batting - Pitching for Philadelphia 1776 BC : LHP José Cotilla
Pitching: LHP José Cotilla
Batting: LHB Noel Ballard 0-0: Foul Ball, location: 2F
0-1: Ball
1-1: Ground out U3 (Groundball, 34)
Batting: RHB Ramón Rodríguez 0-0: Ball
1-0: Called Strike
1-1: Called Strike
1-2: Fly out, F7 (Line Drive, 78M)
Batting: RHB Jay Hood 0-0: Ball
1-0: Ball
2-0: Ball
3-0: Called Strike
3-1: Fly out, F9 (Flyball, 9D)
Top of the 1st over - 0 runs, 0 hits, 0 errors, 0 left on base; Chicago 0 - Philadelphia 1776 0
BOTTOM OF THE 1ST
Philadelphia 1776 BC batting - Pitching for Chicago Gold Sox : RHP Tony Alfonso
Pitching: RHP Tony Alfonso
Batting: LHB Kelvin Abbott 0-0: Ball
1-0: SINGLE (Groundball, 34D)
Batting: LHB José Rodríguez 0-0: Ball
1-0: Ball
2-0: Called Strike
2-1: Ball
Kelvin Abbott steals 2nd base
3-1: Called Strike
3-2: Base on Balls
Batting: LHB Manoo Satyavrat 0-0: Swinging Strike
0-1: Ball
1-1: Swinging Strike
1-2: Strikes out swinging
Batting: RHB Karl Blanke 0-0: Called Strike
Kelvin Abbott steals 3rd base
0-1: Ball
1-1: Ball
2-1: Foul Ball, location: 2F
2-2: Strikes out swinging
Batting: RHB Phil Moore 0-0: Ball
1-0: Called Strike
1-1: Called Strike
1-2: Fielders Choice at 2nd, 6-4 (Groundball, 6)
Bottom of the 1st over - 0 runs, 1 hit, 0 errors, 2 left on base; Chicago 0 - Philadelphia 1776 0
TOP OF THE 2ND
Chicago Gold Sox batting - Pitching for Philadelphia 1776 BC : LHP José Cotilla
Batting: RHB Jeb Sexton 0-0: Foul Ball, location: 2F
0-1: Ball
1-1: Ball
2-1: SINGLE (Groundball, 56D)
Batting: SHB Lupo Cotto 0-0: Ball
1-0: Called Strike
1-1: Ball
2-1: Ball
3-1: Swinging Strike
3-2: Strikes out looking
Batting: LHB Shigenobu Ohayashi 0-0: Ball
1-0: Ball
2-0: Ball
3-0: Fielders Choice at 2nd, 4-6 (Groundball, 34)
Batting: RHB Manuel Guillama 0-0: Called Strike
0-1: Foul Ball, location: 2F
0-2: Ball
1-2: Strikes out looking
Top of the 2nd over - 0 runs, 1 hit, 0 errors, 1 left on base; Chicago 0 - Philadelphia 1776 0
BOTTOM OF THE 2ND
Philadelphia 1776 BC batting - Pitching for Chicago Gold Sox : RHP Tony Alfonso
Batting: RHB Mario Castillo 0-0: Ball
1-0: Ground out 6-3 (Groundball, 56)
Batting: RHB Eddie Sachs 0-0: Called Strike
0-1: Foul Ball, location: 2F
0-2: Ball
1-2: Fly out, F8 (Line Drive, 8LD)
Batting: RHB Kevin Malone 0-0: Called Strike
0-1: Called Strike
0-2: Strikes out swinging
Bottom of the 2nd over - 0 runs, 0 hits, 0 errors, 0 left on base; Chicago 0 - Philadelphia 1776 0
TOP OF THE 3RD
Chicago Gold Sox batting - Pitching for Philadelphia 1776 BC : LHP José Cotilla
Batting: RHB Hirohisa Ogasawara 0-0: Called Strike
0-1: Foul Ball, location: 2F
0-2: Ball
1-2: SINGLE (Flyball, 9LS)
Batting: RHB Norman Winston 0-0: Grounds into double play, 6-4-3 (Groundball, 56)
Batting: LHB Noel Ballard 0-0: Ball
1-0: Ball
2-0: Ball
3-0: Called Strike
3-1: Called Strike
3-2: Strikes out looking
Top of the 3rd over - 0 runs, 1 hit, 0 errors, 0 left on base; Chicago 0 - Philadelphia 1776 0
BOTTOM OF THE 3RD
Philadelphia 1776 BC batting - Pitching for Chicago Gold Sox : RHP Tony Alfonso
Batting: RHB Mikko Haataja 0-0: Ball
1-0: Ball
2-0: Ball
3-0: Called Strike
3-1: Base on Balls
Batting: LHB Kelvin Abbott 0-0: Ball
1-0: Called Strike
Mikko Haataja steals 2nd base
1-1: Fly out, F7 (Flyball, 7S)
Batting: LHB José Rodríguez 0-0: Fly out, F8 (Flyball, 8RS)
Batting: LHB Manoo Satyavrat 0-0: Ball
1-0: Ball
2-0: Ball
3-0: Foul Ball, location: 2F
3-1: Base on Balls
Batting: RHB Karl Blanke 0-0: Swinging Strike
0-1: Called Strike
0-2: Ball
1-2: Strikes out swinging
Bottom of the 3rd over - 0 runs, 0 hits, 0 errors, 2 left on base; Chicago 0 - Philadelphia 1776 0
TOP OF THE 4TH
Chicago Gold Sox batting - Pitching for Philadelphia 1776 BC : LHP José Cotilla
Batting: RHB Ramón Rodríguez 0-0: Foul Ball, location: 2F
0-1: Ball
1-1: Ground out 5-3 (Groundball, 56S)
Batting: RHB Jay Hood 0-0: SINGLE (Line Drive, 4MD)
Batting: RHB Jeb Sexton 0-0: Ball
1-0: Ball
2-0: Called Strike
2-1: Called Strike
2-2: Ball
3-2: Fly out, F7 (Flyball, 7S)
Batting: SHB Lupo Cotto 0-0: Foul Ball, location: 2F
0-1: Ball
1-1: Ball
2-1: Ball
3-1: Fly out, F7 (Flyball, 7D)
Top of the 4th over - 0 runs, 1 hit, 0 errors, 1 left on base; Chicago 0 - Philadelphia 1776 0
BOTTOM OF THE 4TH
Philadelphia 1776 BC batting - Pitching for Chicago Gold Sox : RHP Tony Alfonso
Batting: RHB Phil Moore 0-0: Called Strike
0-1: Ball
1-1: Ball
2-1: Ball
3-1: Foul Ball, location: 2F
3-2: Foul Ball, location: 2F
3-2: Base on Balls
Batting: RHB Mario Castillo 0-0: Ball
1-0: Called Strike
1-1: Ball
2-1: Ball
3-1: Swinging Strike
3-2: Grounds into double play, 4-6-3 (Groundball, 4)
Batting: RHB Eddie Sachs 0-0: Ground out 5-3 (Groundball, 56)
Bottom of the 4th over - 0 runs, 0 hits, 0 errors, 0 left on base; Chicago 0 - Philadelphia 1776 0
TOP OF THE 5TH
Chicago Gold Sox batting - Pitching for Philadelphia 1776 BC : LHP José Cotilla
Batting: LHB Shigenobu Ohayashi 0-0: Ball
1-0: Foul Ball, location: 2F
1-1: Foul Ball, location: 2F
1-2: Strikes out swinging
Batting: RHB Manuel Guillama 0-0: Swinging Strike
0-1: SINGLE (Flyball, 8LS)
Batting: RHB Hirohisa Ogasawara 0-0: Called Strike
0-1: Ball
1-1: Called Strike
1-2: Foul Ball, location: 2F
1-2: Foul Ball, location: 2F
1-2: Ball
2-2: Foul Ball, location: 2F
2-2: Strikes out looking
Batting: RHB Norman Winston 0-0: Called Strike
0-1: Called Strike
0-2: Strikes out looking
Top of the 5th over - 0 runs, 1 hit, 0 errors, 1 left on base; Chicago 0 - Philadelphia 1776 0
BOTTOM OF THE 5TH
Philadelphia 1776 BC batting - Pitching for Chicago Gold Sox : RHP Tony Alfonso
Batting: RHB Kevin Malone 0-0: SINGLE (Line Drive, 78S)
Batting: RHB Mikko Haataja 0-0: Foul Ball, location: 2F
0-1: Grounds into double play, 6-4-3 (Groundball, 6)
Batting: LHB Kelvin Abbott 0-0: Ball
1-0: Called Strike
1-1: Foul Ball, location: 2F
1-2: Ball
2-2: Ball
3-2: Strikes out swinging
Bottom of the 5th over - 0 runs, 1 hit, 0 errors, 0 left on base; Chicago 0 - Philadelphia 1776 0
TOP OF THE 6TH
Chicago Gold Sox batting - Pitching for Philadelphia 1776 BC : LHP José Cotilla
Batting: LHB Noel Ballard 0-0: Ball
1-0: Foul Ball, location: 2F
1-1: Fly out, F3 (Line Drive, 34)
Batting: RHB Ramón Rodríguez 0-0: Ball
1-0: Ground out 6-3 (Groundball, 6)
Batting: RHB Jay Hood 0-0: Foul Ball, location: 2F
0-1: SINGLE (Flyball, 89M)
Batting: RHB Jeb Sexton 0-0: Called Strike
0-1: SINGLE (Groundball, 56D)
Jay Hood to second
Batting: SHB Lupo Cotto 0-0: Hit by Pitch
Jay Hood to third
Jeb Sexton to second
Batting: LHB Shigenobu Ohayashi 0-0: Called Strike
0-1: Fly out, F4 (Line Drive, 34D)
Top of the 6th over - 0 runs, 2 hits, 0 errors, 3 left on base; Chicago 0 - Philadelphia 1776 0
BOTTOM OF THE 6TH
Philadelphia 1776 BC batting - Pitching for Chicago Gold Sox : RHP Tony Alfonso
Batting: LHB José Rodríguez 0-0: Foul Ball, location: 2F
0-1: Ball
1-1: SINGLE (Groundball, 3D)
Batting: LHB Manoo Satyavrat 0-0: Ball
1-0: Ball
2-0: Called Strike
2-1: Foul Ball, location: 2F
2-2: Foul Ball, location: 2F
2-2: Ball
3-2: Base on Balls
José Rodríguez to second
Batting: RHB Karl Blanke 0-0: Foul Ball, location: 2F
0-1: Ball
Passed Ball!
José Rodríguez to third
Manoo Satyavrat to second
1-1: Intentional Walk
Batting: RHB Phil Moore 0-0: Ball
1-0: Ball
2-0: Foul Ball, location: 2F
2-1: Foul Ball, location: 2F
2-2: Foul Ball, location: 2F
2-2: Strikes out swinging
Batting: RHB Mario Castillo 0-0: Hit by Pitch
José Rodríguez scores
Manoo Satyavrat to third
Karl Blanke to second
Batting: RHB Eddie Sachs 0-0: SINGLE (Flyball, 7S)
Manoo Satyavrat scores
Karl Blanke to third
Mario Castillo to second
Runner from 3rd tries for Home, throw and OUT!
Batting: RHB Kevin Malone 0-0: Ball
1-0: Foul Ball, location: 2F
1-1: Ball
2-1: Swinging Strike
2-2: Ball
3-2: Strikes out swinging
Bottom of the 6th over - 2 runs, 2 hits, 0 errors, 2 left on base; Chicago 0 - Philadelphia 1776 2
TOP OF THE 7TH
Chicago Gold Sox batting - Pitching for Philadelphia 1776 BC : LHP José Cotilla
Batting: RHB Manuel Guillama 0-0: Fly out, F7 (Flyball, 7)
Batting: RHB Hirohisa Ogasawara 0-0: Fly out, F8 (Flyball, 89D)
Batting: RHB Norman Winston 0-0: Foul Ball, location: 2F
0-1: Ball
1-1: Ball
2-1: Ball
3-1: Ground out 3-1 (Groundball, 34S)
Top of the 7th over - 0 runs, 0 hits, 0 errors, 0 left on base; Chicago 0 - Philadelphia 1776 2
BOTTOM OF THE 7TH
Philadelphia 1776 BC batting - Pitching for Chicago Gold Sox : RHP Tony Alfonso
Batting: RHB Mikko Haataja 0-0: Ball
1-0: Ball
2-0: Called Strike
2-1: SINGLE (Groundball, 6MD)
Batting: LHB Kelvin Abbott 0-0: Ball
1-0: Sac Bunt - play at first, batter OUT! 1-4
Mikko Haataja to second
Batting: LHB José Rodríguez 0-0: Called Strike
Mikko Haataja is caught stealing 3rd base
0-1: Ball
1-1: Foul Ball, location: 2F
1-2: Strikes out swinging
Bottom of the 7th over - 0 runs, 1 hit, 0 errors, 0 left on base; Chicago 0 - Philadelphia 1776 2
TOP OF THE 8TH
Chicago Gold Sox batting - Pitching for Philadelphia 1776 BC : LHP José Cotilla
Batting: LHB Noel Ballard 0-0: Foul Ball, location: 2F
0-1: Swinging Strike
0-2: Ball
1-2: Ball
2-2: SINGLE (Groundball, 56D)
Batting: RHB Ramón Rodríguez 0-0: Foul Ball, location: 2F
0-1: Foul Ball, location: 2F
0-2: Ground out 5-3 (Groundball, 56S)
Noel Ballard to second
Batting: RHB Jay Hood 0-0: Called Strike
0-1: Ball
1-1: Ball
2-1: Ball
3-1: Base on Balls
Batting: RHB Jeb Sexton 0-0: Ball
1-0: Ball
2-0: Called Strike
2-1: Swinging Strike
2-2: Ball
3-2: Strikes out looking
Pitching: LHP Pedro Garza
Batting: SHB Lupo Cotto 0-0: Ball
1-0: Ball
2-0: Called Strike
2-1: Ball
3-1: Fly out, F5 (Popup, 5S)
Top of the 8th over - 0 runs, 1 hit, 0 errors, 2 left on base; Chicago 0 - Philadelphia 1776 2
BOTTOM OF THE 8TH
Philadelphia 1776 BC batting - Pitching for Chicago Gold Sox : RHP Tony Alfonso
Batting: LHB Manoo Satyavrat 0-0: Called Strike
0-1: Fly out, F9 (Flyball, 9D)
Batting: RHB Karl Blanke 0-0: Foul Ball, location: 2F
0-1: Ball
1-1: Ball
2-1: SINGLE (Groundball, 4MD)
Batting: RHB Phil Moore 0-0: Foul Ball, location: 2F
0-1: Grounds into double play, 5-4-3 (Groundball, 56)
Bottom of the 8th over - 0 runs, 1 hit, 0 errors, 0 left on base; Chicago 0 - Philadelphia 1776 2
TOP OF THE 9TH
Chicago Gold Sox batting - Pitching for Philadelphia 1776 BC : LHP Pedro Garza
Pitching: RHP Tony Solíz
Batting: LHB Shigenobu Ohayashi 0-0: Ball
1-0: Ground out 4-3 (Groundball, 4)
Batting: RHB Manuel Guillama 0-0: Fly out, F8 (Flyball, 8RXD)
Batting: RHB Hirohisa Ogasawara 0-0: Foul Ball, location: 2F
0-1: Ball
1-1: Foul Ball, location: 2F
1-2: Ground out 4-3 (Groundball, 34)
Top of the 9th over - 0 runs, 0 hits, 0 errors, 0 left on base; Chicago 0 - Philadelphia 1776 2
Wednesday, September 19th, 2018 - OOTP Baseball 18.8 Build 76